 Dungeon Crawl Stone Soup version 0.21-a0-513-gdcb3f5e (webtiles) character file.

2851 Spazmo the Thaumaturge (level 9, 0/45 HPs)
             Began as a Deep Elf Conjurer on Dec 2, 2017.
             Was a Believer of Vehumet.
             Killed by divine providence
             ... invoked by an orc priest
              (16 damage)
             ... on level 6 of the Dungeon.
             The game lasted 00:18:24 (5279 turns).

Spazmo the Thaumaturge (Deep Elf Conjurer)          Turns: 5279, Time: 00:18:24

Health: 0/45       AC:  8    Str:  5      XL:     9   Next: 46%
Magic:  15/36      EV: 13    Int: 26 (28) God:    Vehumet [**....]
Gold:   402        SH:  0    Dex: 15      Spells: 21/32 levels left

rFire    . . .     SeeInvis .   f - +1 spear
rCold    . . .     Gourm    +   (no shield)
rNeg     + . .     Faith    .   o - +2 robe {rN+}
rPois    .         Spirit   .   a - +0 helmet
rElec    .         Reflect  .   A - +1 cloak
rCorr    .         Harm     .   (no gloves)
MR       .....                  j - +0 pair of boots
Stlth    ++........             y - amulet of the gourmand
HPRegen  0.15/turn              v - +4 ring of intelligence
MPRegen  0.25/turn              x - ring of magical power

@: no status effects
A: no striking features
a: Renounce Religion


You were on level 6 of the Dungeon.
You worshipped Vehumet.
Vehumet was pleased with you.
You were full.

You visited 2 branches of the dungeon, and saw 7 of its levels.
You also visited: Ossuary.

You collected 402 gold pieces.

Inventory:

Hand Weapons
 f - a +1 spear (weapon)
Missiles
 h - 248 stones (quivered)
 p - 4 curare-tipped needles
 C - 27 poisoned needles
Armour
 a - a +0 helmet (worn)
 j - a +0 pair of boots (worn)
 o - a +2 robe of positive energy (worn)
 A - a +1 cloak (worn)
Jewellery
 i - an uncursed ring of resist corrosion
 v - a +4 ring of intelligence (left hand)
 x - a ring of magical power (right hand)
 y - an amulet of the gourmand (around neck)
Wands
 e - a wand of flame (20)
 G - a wand of disintegration (10)
Scrolls
 g - 3 scrolls of enchant weapon
 n - a scroll of teleportation
 r - a scroll of magic mapping
 t - a scroll of remove curse
 w - 2 scrolls of blinking
 B - 2 scrolls of identify
Potions
 d - a potion of mutation {unknown}
 k - a potion of flight {unknown}
 l - 3 potions of curing
 m - 2 potions of haste
 u - a potion of heal wounds
 z - a potion of might {unknown}
 D - a potion of brilliance {unknown}
 H - a potion of lignification {unknown}
Books
 b - a book of Conjurations

   Spells                             Type                      Level
   a - Magic Dart                     Conjuration                  1
   b - Searing Ray                    Conjuration                  2
   c - Dazzling Spray                 Conjuration/Hexes            3
   d - Fulminant Prism                Conjuration/Hexes            4
   e - Force Lance                    Conjuration/Translocation    4
   f - Iskenderun's Mystic Blast      Conjuration                  4
Comestibles
 c - 5 bread rations
 q - 3 meat rations
 s - 4 fruits


   Skills:
 - Level 3.0 Dodging
 - Level 3.0 Stealth
 + Level 12.0 Spellcasting
 + Level 10.8 Conjurations


You had 21 spell levels left.
You knew the following spells:

 Your Spells              Type           Power        Failure   Level  Hunger
a - Magic Dart            Conj           ####         1%          1    None
b - Searing Ray           Conj           ######       1%          2    None
c - Force Lance           Conj/Tloc      #####...     4%          4    None
d - Iskenderun's Mystic   Conj           ######..     1%          4    None


Dungeon Overview and Level Annotations

Branches:
Dungeon (6/15)             Temple (1/1) D:4

Altars:
Ashenzari
Cheibriados
Dithmenos
Elyvilon
Fedhas
Gozag
Hepliaklqana
Kikubaaqudgha
Makhleb
Nemelex Xobeh
Okawaru
Qazlal
Ru
Sif Muna
Trog
Uskayaw
Vehumet
Wu Jian
Xom
Yredelemnul
Zin
The Shining One

Shops:
D:5 *


Message History

The orc warrior is severely wounded.
The orc warrior closely misses you.
The searing ray misses the orc warrior.
The orc warrior barely misses you.
The searing ray hits the orc warrior.
The orc warrior is almost dead.
You finish channeling your searing ray.
The orc warrior closely misses you.
Casting: Searing Ray
Confirm with . or Enter, or press ? or * to list all spells.
Aiming: Force Lance
Press: ? - help, Shift-Dir - straight line, f/p - orc warrior
Aim: an orc warrior, wielding a halberd and wearing a plate armour (almost dead)
The lance of force hits the orc warrior.
You kill the orc warrior!
Vehumet accepts your kill.
You feel your power returning.
You feel your dexterity returning.
Your Spellcasting skill increases to level 12!
The orc priest mumbles some strange prayers to Beogh against you.
Beogh smites you!
You die...

..### #.##.....#
#...### ##....#
.##..>###...#.#
.......#.o.##.#
....##...#..#.#
.#.....###..#.#
..........#.#.#
#...#.###.....#######
..#.#..##.#.#.o)@...#
..#..#.##......)....#
..##.#..............#
....................#
.#######............#
.# #...#........# ##
##..#...######
######.........#
####..............#


You could see an orc priest.

Vanquished Creatures
  The ghost of plsesad the Transmogrifier, a novice MfTm of Cheibriados (D:5)
  The ghost of plsesad the Skirmisher, a novice DsBe of Trog (Ossuary)
  Sigmund (D:2)
  A hungry ghost (D:6)
  2 orc warriors (D:6)
  A sky beast (D:5)
  An ice beast (D:5)
  2 phantoms
  Blork the orc (D:4)
  A wyvern zombie (D:6)
  A bullfrog (D:6)
  A water moccasin skeleton (D:5)
  2 scorpions
  2 howler monkeys (D:4)
  2 crimson imps (D:5)
  4 centaur zombies
  An orc priest (D:5)
  A bullfrog skeleton (D:4)
  A centaur skeleton (D:4)
  A hound (D:4)
  2 orc wizards
  2 human zombies (Ossuary)
  An iguana (D:2)
  3 worker ants
  2 killer bee zombies
  A big kobold zombie (Ossuary)
  2 hound zombies (D:5)
  3 mummies
  A worker ant zombie (D:2)
  3 gnolls (D:5)
  8 adders
  A shadow imp (D:6)
  An ooze (D:2)
  An adder skeleton (D:4)
  3 adder zombies
  5 worms
  7 leopard geckos
  18 orcs
  A ball python (D:1)
  7 bats
  4 giant cockroaches
  7 goblins
  3 hobgoblins
  4 jackals (D:2)
  6 kobolds
  2 quokkas
  7 frilled lizards
  2 goblin zombies (D:5)
  11 hobgoblin zombies (Ossuary)
  A jackal skeleton (D:6)
  A jackal zombie (D:6)
  6 kobold zombies (Ossuary)
  12 orc zombies (Ossuary)
  7 rats
173 creatures vanquished.

Notes
Turn   | Place    | Note
-------+----------+-------------------------------------------
     0 | D:1      | Spazmo the Deep Elf Conjurer began the quest for the Orb.
     0 | D:1      | Reached XP level 1. HP: 10/10 MP: 6/6
   130 | D:1      | Reached XP level 2. HP: 15/15 MP: 4/8
   134 | D:1      | Learned a level 2 spell: Searing Ray
   564 | D:2      | Noticed Sigmund
   613 | D:2      | Reached XP level 3. HP: 19/19 MP: 6/10
   870 | D:2      | Reached skill level 4 in Spellcasting
   933 | D:2      | Killed Sigmund
   933 | D:2      | Reached skill level 5 in Spellcasting
   933 | D:2      | Reached skill level 5 in Conjurations
   933 | D:2      | Reached XP level 4. HP: 12/24 MP: 1/13
   933 | D:2      | Reached XP level 5. HP: 15/28 MP: 1/15
  1144 | D:2      | Learned a level 4 spell: Force Lance
  1149 | D:2      | Learned a level 4 spell: Iskenderun's Mystic Blast
  1488 | D:2      | Reached skill level 6 in Spellcasting
  1495 | D:2      | Reached XP level 6. HP: 24/32 MP: 7/17
  1574 | D:2      | Found a blossoming altar of Fedhas.
  2879 | D:4      | Noticed Blork the orc
  2885 | D:4      | Killed Blork the orc
  2885 | D:4      | Reached skill level 7 in Spellcasting
  2892 | D:4      | Found a staircase to the Ecumenical Temple.
  2901 | Temple   | Entered the Ecumenical Temple
  2965 | Temple   | Became a worshipper of Vehumet
  3028 | D:4      | Reached XP level 7. HP: 36/36 MP: 19/19
  3497 | D:5      | Entered Level 5 of the Dungeon
  3592 | D:5      | Noticed plsesad's ghost (novice MfTm)
  3622 | D:5      | Reached skill level 8 in Spellcasting
  3703 | D:5      | Reached * piety under Vehumet
  3703 | D:5      | Offered knowledge of Shock by Vehumet.
  3703 | D:5      | Reached XP level 8. HP: 22/41 MP: 18/22
  3843 | D:5      | Reached skill level 9 in Spellcasting
  3874 | D:5      | Found Gozag's Platinum Reserve.
  3874 | D:5      | Found an opulent altar of Gozag.
  4011 | D:5      | Killed plsesad's ghost
  4011 | D:5      | Reached skill level 10 in Spellcasting
  4104 | D:5      | Found a sand-covered staircase.
  4111 | Ossuary  | Entered an ossuary
  4315 | Ossuary  | Noticed plsesad's ghost (novice DsBe)
  4324 | Ossuary  | Killed plsesad's ghost
  4333 | Ossuary  | Reached ** piety under Vehumet
  4333 | Ossuary  | Reached skill level 10 in Conjurations
  4333 | Ossuary  | Reached XP level 9. HP: 23/45 MP: 11/25
  4336 | Ossuary  | Offered knowledge of Throw Frost by Vehumet.
  4354 | Ossuary  | Reached skill level 11 in Spellcasting
  5168 | D:6      | Offered knowledge of Stone Arrow by Vehumet.
  5172 | D:6      | HP: 2/45 [orc priest/divine providence (13)]
  5278 | D:6      | Reached skill level 12 in Spellcasting
  5279 | D:6      | Killed from afar by an orc priest

Vault maps used:
D:1:      scummos_arrival_star
D:2:      old_standard_altar, minmay_tetromino_l2, uniq_sigmund
D:3:      minivault_25, grunt_decor_arrowhead, minmay_misc_feat_cross
D:4:      minmay_temple_entry_grid, uniq_blork_the_orc
D:5:      first_bread, nicolae_ossuary_entry_giza,
          nicolae_gozag_zags_fifth_avenue
D:6:      serial_shops, shop, kennysheep_generic_room_15
Temple:   dpeg_three_leaves_temple
Ossuary:  ossuary_tomb_1

Skill      XL: |  1  2  3  4  5  6  7  8  9 |
---------------+----------------------------+-----
Stealth        | 3 |  3.0
Dodging        | 3 |  3.0
Spellcasting   | 5 6 7 8 10 12 | 12.0
Conjurations   | 5 6 7 8 10 | 10.8

Action                   |  1- 3 |  4- 6 |  7- 9 || total
-------------------------+-------+-------+-------++-------
Melee: Spear             |       |     3 |     3 ||     6
       Short sword       |       |     8 |       ||     8
 Cast: Magic Dart        |    52 |    81 |   247 ||   380
       Searing Ray       |     2 |    11 |    27 ||    40
       Iskenderun's Myst |       |       |     9 ||     9
       Force Lance       |       |       |     6 ||     6
Evoke: Wand              |       |     1 |       ||     1
  Use: Scroll            |     3 |     4 |     4 ||    11
       Potion            |     1 |     2 |     2 ||     5
  Eat: Chunk             |       |     6 |    18 ||    24
Armor: Robe              |     1 |    12 |    20 ||    33
Dodge: Dodged            |     6 |    27 |    67 ||   100

Table legend:
 A = Spawn XP
 B = Non-spawn XP
 C = Spawn XP percentage of total XP
 D = Spawn monster count
 E = Non-spawn monster count
 F = Spawn count percentage of total count
 G = Total turns spent on level
                    A         B        C        D         E        F      G
               +---------+---------+-------+---------+---------+-------+---------
         Total |       0 |    4074 |   0.0 |       0 |     173 |   0.0 |  5279
               +---------+---------+-------+---------+---------+-------+---------
           D:1 |       0 |      28 |   0.0 |       0 |      17 |   0.0 |   576
           D:2 |       0 |     379 |   0.0 |       0 |      33 |   0.0 |  1377
           D:3 |       0 |     172 |   0.0 |       0 |      22 |   0.0 |   866
           D:4 |       0 |     349 |   0.0 |       0 |      12 |   0.0 |   665
           D:5 |       0 |    1408 |   0.0 |       0 |      25 |   0.0 |   758
           D:6 |       0 |     978 |   0.0 |       0 |      24 |   0.0 |   459
       Ossuary |       0 |     760 |   0.0 |       0 |      40 |   0.0 |   500
               +---------+---------+-------+---------+---------+-------+---------
